 Dungeon Crawl Stone Soup version 0.26-a0-658-gbdda728c12 (webtiles) character file.

Game seed: 5414648675018179443

18 tacoguy the Caller (level 2, 0/15 HPs)
             Began as a Deep Elf Summoner on Oct 4, 2020.
             Hit by a boomerang thrown by a hobgoblin (2 damage)
             ... on level 1 of the Dungeon.
             The game lasted 00:04:55 (1167 turns).

tacoguy the Caller (Deep Elf Summoner)              Turns: 1167, Time: 00:04:55

Health: 0/15       AC:  2    Str:  5    XL:     2   Next: 51%
Magic:  2/8        EV: 13    Int: 19    God:
Gold:   37         SH:  0    Dex: 15    Spells: 4/7 levels left

rFire    . . .     SeeInvis .   c - +0 dagger
rCold    . . .     Faith    .   (no shield)
rNeg     . . .     Spirit   .   a - +0 robe
rPois    .         Reflect  .   (no helmet)
rElec    .         Harm     .   (no cloak)
rCorr    .         Rampage  .   (no gloves)
MR       .....                  (no boots)
Stlth    ++........             (no amulet)
HPRegen  0.05/turn              (no ring)
MPRegen  0.11/turn              (no ring)

@: no status effects
A: no striking features
a: no special abilities


You were on level 1 of the Dungeon.
You visited 1 branch of the dungeon, and saw 1 of its levels.

You collected 37 gold pieces.

Inventory:

Hand Weapons
 c - a +0 dagger (weapon)
Missiles
 b - 9 poisoned darts (quivered)
Armour
 a - a +0 robe (worn)
Scrolls
 d - a scroll of enchant armour {unknown}


   Skills:
 + Level 2.6 Dodging
 - Level 2.4 Stealth
 * Level 3.4 Spellcasting
 * Level 4.9 Summonings


You had 4 spell levels left.
You knew the following spells:

 Your Spells              Type           Power        Failure   Level
a - Summon Small Mammal   Summ           ###.         1%          1
b - Call Imp              Summ           ###.....     3%          2

Your spell library contained the following spells:

 Spells                   Type           Power        Failure   Level
 Call Canine Familiar     Summ           ###.....     6%          3
 Summon Guardian Golem    Hex/Summ       ##......     16%         3
 Summon Ice Beast         Ice/Summ       ##......     47%         4
 Summon Lightning Spire   Summ/Air       ##......     47%         4


Dungeon Overview and Level Annotations

Branches:
Dungeon (1/15)

Altars:


Message History

The boomerang barely misses your white imp.
The boomerang closely misses you.
The weapon returns to the hobgoblin!
What are your orders? t - Shout!
Orders for allies: a - Attack new target. r - Retreat! s - Stop attacking. g - Guard the area. f - Follow me.
Anything else - Cancel.
Gang up on whom?
Press: ? - help, Dir - move target cursor, f - hobgoblin
Aim: a hobgoblin, wielding a +0 club and quivering 8 boomerangs Attack!
Your crimson imp hits the hobgoblin.
The hobgoblin throws a boomerang.
The boomerang barely misses your crimson imp.
The boomerang closely misses your crimson imp.
The boomerang barely misses you.
The weapon returns to the hobgoblin!
Your crimson imp disappears in a puff of smoke!
The hobgoblin throws a boomerang.
The boomerang closely misses your crimson imp.
The boomerang hits you.
You die...

######...#
##...
#....)...#
..###
#.###....#
#. #....# ##
#.#### ..##
#.# .....
#.####....#
##.........#
#@5.§g#....#
#.5†..# .###
#.....# #
#.....#
#......#
#......#
#......#
#......#
#......#


You could see a hobgoblin, a friendly crimson imp (summoned) and a friendly
white imp (summoned).

Vanquished Creatures
  2 bats (D:1)
  3 hobgoblins (D:1)
  A rat (D:1)
6 creatures vanquished.

Vanquished Creatures (collateral kills)
  A dart slug (D:1)
  A leopard gecko (D:1)
  A bat (D:1)
  A giant cockroach (D:1)
  2 goblins (D:1)
  3 jackals (D:1)
  3 kobolds (D:1)
  2 frilled lizards (D:1)
14 creatures vanquished.

Grand Total: 20 creatures vanquished

Notes
Turn   | Place    | Note
-------+----------+-------------------------------------------
     0 | D:1      | tacoguy the Deep Elf Summoner began the quest for the Orb.
     0 | D:1      | Reached XP level 1. HP: 10/10 MP: 6/6
   324 | D:1      | Reached XP level 2. HP: 6/15 MP: 8/8
   504 | D:1      | Learned a level 2 spell: Call Imp
  1167 | D:1      | Hit by a boomerang thrown by a hobgoblin

Illustrated notes

Levels and vault maps discovered:
D:1:      lemuel_arrival_hallway, layout_basic, minivault_14

Action                   || total
-------------------------++-------
Melee: Unarmed           ||     8
       Whip              ||    12
       Club              ||     3
       Dagger            ||    12
       Short sword       ||     3
 Cast: Summon Small Mamm ||     4
       Call Imp          ||    12
  Use: Potion            ||     2
       Scroll            ||     1
 Stab: Sleeping          ||     2
Armor: Robe              ||    12
Dodge: Dodged            ||    46

Table legend: (Time is in decaauts)
 A = Elapsed time spent in this place.
 B = Non-inter-level travel time spent in this place.
 C = Inter-level travel time spent in this place.
 D = Time resting spent in this place.
 E = Time spent auto-exploring this place.
 F = Levels seen in this place.
 G = Mean time per level.
                   A        B        C        D        E       F      G
               +--------+--------+--------+--------+--------+-----+--------+
         Total |   1147 |   1057 |     90 |    696 |    194 |   1 | 1147.0 |
       Dungeon |   1147 |   1057 |     90 |    696 |    194 |   1 | 1147.0 |
               +--------+--------+--------+--------+--------+-----+--------+

Top non-repeatable levels by time:
     D:1: 1147 daAuts
